Dungeon Sprint DCSS version 0.17-a0-1718-g72dbe4d (webtiles) character file.

15400000 ztt the Intangible (level 27, -133/272 (273) HPs) Began as a Ghoul Gladiator on Aug 25, 2015. Was the Champion of Makhleb. Annihilated by a fleshlord ... wielding a +9 great mace (405 damage) ... in the Dungeon (Sprint VIII: "Arena of Blood"). The game lasted 00:03:52 (154 turns). ztt the Intangible (Ghoul Gladiator) Turns: 154, Time: 00:03:53 HP: -133/272 (273)AC: 8 Str: 32 XL: 27 MP: 53/53 EV: 23 Int: 3 God: Makhleb [******] Gold: 0 SH: 0 Dex: 9 Spells: 0 memorised, 80 levels left rFire . . . SeeInvis + l - +∞ Axe of Woe rCold + . . Clarity . b - +0 leather armour rNeg + + + SustAt . (no shield) rPois ∞ Gourm . c - +0 helmet rElec . Spirit . (no cloak) rCorr . Warding . (no gloves) rMut . NoTele + (no boots) MR ++... (no amulet) Stlth +++++++++. (no ring) m - ring of see invisible @: rotting, slowed, very slow, very resistant to hostile enchantments, incredibly stealthy A: rotting body, claws 1, carnivore 3, cold resistance 1, negative energy resistance 3, slow healing 1, torment resistance, unbreathing a: Minor Destruction, Lesser Servant of Makhleb, Major Destruction, Greater Servant of Makhleb, Renounce Religion You were in the Dungeon. You worshipped Makhleb. Makhleb was exalted by your worship. You were not hungry. You visited 1 branch

Inventory:

Hand weapons
 a - a +0 war axe
 l - the +∞ Axe of Woe (weapon)
   (You found it in the Dungeon)
Missiles
 d - 3 throwing nets (quivered)
Armour
 b - a +0 leather armour (worn)
 c - a +0 helmet (worn)
Jewellery
 m - a ring of see invisible (left claw)
Scrolls
 k - a scroll of blinking
Potions
 f - a potion of curing
 g - a potion of heal wounds
 h - a potion of haste
 i - 2 potions of magic
 j - a potion of berserk rage
Comestibles
 e - a meat ration


   Skills:
 O Level 27 Fighting
 O Level 27 Axes
 O Level 27 Throwing
 O Level 27 Armour
 O Level 27 Dodging
 O Level 27 Stealth
 O Level 27 Unarmed Combat
 O Level 27 Spellcasting
 O Level 27 Invocations


You had 80 spell levels left.
You didn't know any spells.

Dungeon Overview and Level Annotations

Branches:
Dungeon (1/1)

Altars:
Makhleb


Innate Abilities, Weirdness & Mutations

Your body is rotting away.
You thrive on raw meat.
You are immune to poison.
You have sharp fingernails.
You are carnivorous and can eat meat at any time.
Your flesh is cold resistant.
You are immune to negative energy.
You heal slowly when monsters are visible.
You are immune to unholy pain and torment.
You can survive without breathing.


Message History

You destroy the dread!
Makhleb accepts your kill.
You hear a shout! x2
The fleshlord mumbles some strange words.
The fleshlord seems to speed up.
The fleshlord gestures at you while chanting.
You feel as though you will be slow longer.
You hear a shout! x4
A meat berserker comes into view. It is wielding a +9 battleaxe.
Unknown command.
You cut the fleshlord into ribbons!!! You chop the fleshlord into pieces.
You kill the fleshlord!
Makhleb accepts your kill.
You hear a shout! x3
The scourge throws poison at you. The bolt of poison misses you.
You hear a shout! x3
The fleshlord hits you with a +9 great mace!!!!!!
Ouch! That really hurt!
You die...

%...........%.........
...........#.%.#......
..))...%..#.%..#.....# .
..)))...##..O..#.....#..
...))..#......#o...##...
..).).)#..)###§)..#.....
#.)...%)....))§)#.......
..†)†)%.....))))p%.....#
.#)).))####..S.)@)..###
.).).).).#.......####
..))).........####
..).)......####
############


You could see a scourge, a fleshlord, a meat berserker (berserk) and a bag of
meat.

Vanquished Creatures
  7 hell knights (D)
  4 hell beasts (D)
  3 greater mummies (D)
  8 great orbs of eyes (D)
  5 wraiths (D)
  Harold (D)
  11 vampire knights (D)
  25 ogres (D)
  6 liches (D)
  6 hydras (D)
  51 orcs (D)
  6 phantoms (D)
  6 hill giants (D)
  3 skeletal warriors (D)
  6 sea snakes (D)
  A small abomination (D)
  2 large abominations (D)
  2 crawling corpses (D)
153 creatures vanquished.

Vanquished Creatures (others)
  4 crawling corpses (D)
4 creatures vanquished.

Grand Total: 157 creatures vanquished

Notes
Turn   | Place    | Note
--------------------------------------------------------------
     0 | D        | ztt the Ghoul Gladiator began the quest for the Orb.
     0 | D        | Reached XP level 1. HP: 17/17 MP: 0/0
     3 | D        | Noticed a bag of meat
     3 | D        | Noticed a bag of meat
     4 | D        | Noticed a bag of meat
     4 | D        | Became a worshipper of Makhleb the Destroyer
     6 | D        | Noticed a bag of meat
     6 | D        | Noticed a meat berserker
     7 | D        | Noticed a bag of meat
     8 | D        | Killed a meat berserker
     8 | D        | Reached skill level 13 in Fighting
     8 | D        | Reached skill level 19 in Axes
     8 | D        | Reached skill level 10 in Throwing
     8 | D        | Reached XP level 2. HP: 20/44 MP: 1/1
     8 | D        | Reached XP level 3. HP: 22/50 MP: 2/2
     8 | D        | Reached XP level 4. HP: 25/58 MP: 3/3
     8 | D        | Reached XP level 5. HP: 27/64 MP: 4/4
     8 | D        | Reached XP level 6. HP: 30/72 MP: 5/5
     8 | D        | Reached XP level 7. HP: 32/79 MP: 6/6
     8 | D        | Reached XP level 8. HP: 34/86 MP: 7/7
     8 | D        | Reached XP level 9. HP: 36/93 MP: 8/8
     8 | D        | Reached XP level 10. HP: 39/101 MP: 9/9
     8 | D        | Reached XP level 11. HP: 41/107 MP: 10/10
     8 | D        | Reached XP level 12. HP: 44/115 MP: 11/11
     8 | D        | Reached XP level 13. HP: 46/122 MP: 12/12
     9 | D        | Noticed a bag of meat
     9 | D        | Killed a bag of meat
     9 | D        | Acquired Makhleb's first power
     9 | D        | Reached skill level 20 in Axes
     9 | D        | Reached XP level 14. HP: 69/133 MP: 13/13
     9 | D        | Killed a bag of meat
     9 | D        | Reached skill level 15 in Fighting
     9 | D        | Reached skill level 21 in Axes
    10 | D        | Killed a bag of meat
    10 | D        | Acquired Makhleb's second power
    10 | D        | Reached skill level 22 in Axes
    10 | D        | Reached XP level 15. HP: 108/144 MP: 14/14
    11 | D        | Noticed a meat berserker
    11 | D        | Noticed a bag of meat
    11 | D        | Killed a bag of meat
    11 | D        | Reached skill level 23 in Axes
    12 | D        | Killed a bag of meat
    12 | D        | Acquired Makhleb's third power
    12 | D        | Reached skill level 24 in Axes
    12 | D        | Reached XP level 16. HP: 113/157 MP: 15/15
    14 | D        | Noticed a meat berserker
    15 | D        | Noticed a bag of meat
    15 | D        | Noticed a large bag of meat
    15 | D        | Noticed a bag of meat
    15 | D        | Noticed a bag of meat
    15 | D        | Noticed a bag of meat
    16 | D        | Noticed a meat berserker
    16 | D        | Noticed a meat berserker
    17 | D        | Noticed a meat berserker
    17 | D        | Killed a meat berserker
    17 | D        | Reached skill level 26 in Axes
    17 | D        | Reached skill level 15 in Throwing
    18 | D        | Noticed a meat berserker
    19 | D        | Noticed a bag of meat
    19 | D        | Killed a meat berserker
    19 | D        | Reached skill level 27 in Axes
    19 | D        | Reached skill level 27 in Dodging
    19 | D        | Reached XP level 17. HP: 146/177 MP: 16/16
    20 | D        | Noticed a bag of meat
    20 | D        | Killed a bag of meat
    20 | D        | Acquired Makhleb's fourth power
    20 | D        | Killed a bag of meat
    20 | D        | Reached XP level 18. HP: 184/197 MP: 17/17
    20 | D        | Killed a bag of meat
    20 | D        | Reached skill level 27 in Fighting
    21 | D        | Killed a meat berserker
    21 | D        | Acquired Makhleb's fifth power
    21 | D        | Killed a bag of meat
    21 | D        | Reached skill level 27 in Throwing
    21 | D        | Reached XP level 19. HP: 206/206 MP: 18/18
    21 | D        | Noticed a bag of meat
    22 | D        | Noticed a meat berserker
    22 | D        | Killed a meat berserker
    22 | D        | Reached skill level 10 in Unarmed Combat
    22 | D        | Reached skill level 10 in Invocations
    22 | D        | Killed a bag of meat
    22 | D        | Reached skill level 10 in Armour
    23 | D        | Killed a meat berserker
    23 | D        | Reached skill level 15 in Unarmed Combat
    23 | D        | Reached skill level 15 in Invocations
    23 | D        | Reached XP level 20. HP: 215/215 MP: 18/35
    23 | D        | Killed a meat berserker
    23 | D        | Reached skill level 15 in Armour
    24 | D        | Noticed a bag of meat
    24 | D        | Noticed a large bag of meat
    26 | D        | Noticed a bag of meat
    26 | D        | Noticed a meat berserker
    27 | D        | Noticed a meat berserker
    27 | D        | Noticed a large bag of meat
    28 | D        | Noticed a bag of meat
    28 | D        | Noticed a destroyer
    28 | D        | Noticed a bag of meat
    28 | D        | Noticed a large bag of meat
    29 | D        | Killed a bag of meat
    29 | D        | Killed a bag of meat
    29 | D        | Reached skill level 27 in Stealth
    29 | D        | Reached XP level 21. HP: 223/223 MP: 19/38
    29 | D        | Killed a meat berserker
    30 | D        | Noticed a bag of meat
    30 | D        | Killed a bag of meat
    30 | D        | Killed a meat berserker
    31 | D        | Noticed a bag of meat
    31 | D        | Noticed an eight-headed meat hydra
    31 | D        | Killed a bag of meat
    31 | D        | Reached XP level 22. HP: 232/232 MP: 19/44
    31 | D        | Killed a destroyer
    32 | D        | Noticed a bag of meat
    32 | D        | Noticed a bag of meat
    32 | D        | Noticed a bag of meat
    33 | D        | Killed a large bag of meat
    33 | D        | Killed a bag of meat
    33 | D        | Reached skill level 27 in Unarmed Combat
    33 | D        | Reached skill level 27 in Invocations
    33 | D        | Killed a large bag of meat
    33 | D        | Killed a large bag of meat
    33 | D        | Reached XP level 23. HP: 227/239 MP: 20/50
    34 | D        | Noticed a bag of meat
    34 | D        | Killed a large bag of meat
    34 | D        | Reached skill level 27 in Armour
    34 | D        | Killed a meat berserker
    34 | D        | Reached skill level 27 in Spellcasting
    35 | D        | Noticed a sculptor of flesh
    36 | D        | Noticed a sculptor of flesh
    36 | D        | Killed a bag of meat
    38 | D        | Noticed a destroyer
    41 | D        | Noticed a destroyer
    41 | D        | Killed a nine-headed meat hydra
    41 | D        | Killed a bag of meat
    41 | D        | Reached XP level 24. HP: 248/248 MP: 22/53
    42 | D        | Noticed a sculptor of flesh
    43 | D        | Noticed a destroyer
    43 | D        | Noticed a destroyer
    44 | D        | Killed a bag of meat
    45 | D        | Killed a bag of meat
    45 | D        | Killed a bag of meat
    45 | D        | Killed a sculptor of flesh
    46 | D        | Noticed a destroyer
    46 | D        | Killed a destroyer
    47 | D        | Killed a bag of meat
    47 | D        | Reached XP level 25. HP: 256/256 MP: 24/53
    48 | D        | Noticed a destroyer
    48 | D        | Killed a destroyer
    48 | D        | Killed a bag of meat
    49 | D        | Killed a sculptor of flesh
    50 | D        | Killed a bag of meat
    51 | D        | Killed a destroyer
    51 | D        | Reached XP level 26. HP: 265/265 MP: 25/53
    52 | D        | Noticed a tyrant
    52 | D        | Killed a sculptor of flesh
    53 | D        | Noticed an accursed
    54 | D        | Killed a bag of meat
    55 | D        | Killed a destroyer
    56 | D        | Noticed a meat berserker
    56 | D        | Killed a destroyer
    60 | D        | Killed a meat berserker
    60 | D        | Reached XP level 27. HP: 272/272 MP: 27/53
    61 | D        | Noticed a tyrant
    62 | D        | Noticed an accursed
    62 | D        | Killed an accursed
    63 | D        | Killed a tyrant
    63 | D        | Killed a destroyer
    64 | D        | Noticed a meat berserker
    66 | D        | Noticed a dread
    67 | D        | Killed a meat berserker
    68 | D        | Killed a tyrant
    71 | D        | Noticed a destroyer
    71 | D        | Killed a dread
    74 | D        | Noticed a dread
    76 | D        | Noticed a meat berserker
    77 | D        | Noticed a meat berserker
    77 | D        | Noticed a wretched soul
    77 | D        | Noticed a meat beast
    78 | D        | Killed an accursed
    79 | D        | Noticed a dread
    80 | D        | Noticed a wretched soul
    80 | D        | Killed a destroyer
    81 | D        | Killed a meat berserker
    81 | D        | Killed a meat berserker
    82 | D        | Noticed a meat beast
    82 | D        | Killed a wretched soul
    82 | D        | Killed a dread
    82 | D        | Killed a meat beast
    82 | D        | Noticed a bag of meat
    83 | D        | Noticed a bag of meat
    83 | D        | Noticed a bag of meat
    84 | D        | Killed a meat beast
    85 | D        | Noticed a meat beast
    85 | D        | Noticed a bag of meat
    86 | D        | Killed a meat beast
    87 | D        | Noticed The Servant
    88 | D        | Killed a bag of meat
    88 | D        | Killed a dread
    88 | D        | Killed a bag of meat
    89 | D        | Killed a bag of meat
    90 | D        | Noticed an observer
    90 | D        | Noticed a wretched soul
    90 | D        | Noticed a destroyer
    91 | D        | Killed a bag of meat
    92 | D        | Noticed a meat berserker
    93 | D        | Killed The Servant
    94 | D        | Killed a destroyer
    95 | D        | Noticed a meat berserker
    95 | D        | Noticed an observer
    95 | D        | Noticed a tyrant
    96 | D        | Noticed a bag of meat
    97 | D        | Killed a meat berserker
    99 | D        | Killed a wretched soul
    99 | D        | Killed a meat berserker
   101 | D        | Killed an observer
   102 | D        | Killed an observer
   104 | D        | Killed a bag of meat
   105 | D        | Killed a tyrant
   106 | D        | Noticed an accursed
   107 | D        | Noticed a bag of meat
   109 | D        | Noticed a bag of meat
   109 | D        | Noticed an observer
   110 | D        | Killed an accursed
   112 | D        | Noticed a meat berserker
   112 | D        | Noticed a bag of meat
   112 | D        | Killed a bag of meat
   115 | D        | Killed a bag of meat
   116 | D        | Killed an observer
   116 | D        | Killed a bag of meat
   117 | D        | Noticed a meat berserker
   118 | D        | Killed a meat berserker
   120 | D        | Noticed a bag of meat
   120 | D        | Noticed a meat berserker
   120 | D        | Noticed a bag of meat
   120 | D        | Noticed a bag of meat
   120 | D        | Noticed a wretched soul
   120 | D        | Noticed an observer
   121 | D        | Noticed a destroyer
   121 | D        | Noticed a bag of meat
   121 | D        | Noticed a meat beast
   121 | D        | Noticed an observer
   121 | D        | Killed a meat berserker
   122 | D        | Noticed a bag of meat
   122 | D        | Noticed an observer
   122 | D        | Noticed a meat berserker
   122 | D        | Noticed a bag of meat
   122 | D        | Noticed a tyrant
   122 | D        | Noticed a large bag of meat
   123 | D        | Noticed a bag of meat
   123 | D        | Noticed a bag of meat
   123 | D        | Noticed a wretched soul
   123 | D        | Noticed a dread
   123 | D        | Killed a meat berserker
   124 | D        | Noticed a bag of meat
   124 | D        | Noticed a large bag of meat
   124 | D        | Noticed a fleshlord
   124 | D        | Noticed a fleshlord
   124 | D        | Noticed a fleshlord
   124 | D        | Noticed a bag of meat
   125 | D        | Noticed a bag of meat
   125 | D        | Noticed a wretched soul
   125 | D        | Killed a bag of meat
   125 | D        | Killed a destroyer
   125 | D        | Killed a meat beast
   126 | D        | Noticed a bag of meat
   126 | D        | Noticed a bag of meat
   126 | D        | Noticed a tyrant
   126 | D        | Killed an observer
   127 | D        | Noticed a bag of meat
   127 | D        | Killed a bag of meat
   127 | D        | Killed a fleshlord
   128 | D        | Killed a bag of meat
   128 | D        | Killed a large bag of meat
   129 | D        | Killed a meat berserker
   129 | D        | Killed a tyrant
   130 | D        | Noticed a bag of meat
   130 | D        | Noticed a meat berserker
   130 | D        | Killed a bag of meat
   130 | D        | Killed a fleshlord
   131 | D        | Noticed a bag of meat
   131 | D        | Killed a bag of meat
   131 | D        | Killed a bag of meat
   132 | D        | Noticed a bag of meat
   132 | D        | Killed a wretched soul
   133 | D        | Noticed a fleshlord
   133 | D        | Killed an observer
   133 | D        | Killed a dread
   133 | D        | Killed a bag of meat
   134 | D        | Noticed a tyrant
   134 | D        | Killed a fleshlord
   135 | D        | Noticed a destroyer
   135 | D        | Killed an observer
   135 | D        | Killed a bag of meat
   136 | D        | Killed a wretched soul
   136 | D        | Killed a destroyer
   136 | D        | Killed a bag of meat
   137 | D        | Noticed a bag of meat
   137 | D        | Noticed a bag of meat
   137 | D        | Killed a bag of meat
   137 | D        | Killed a bag of meat
   138 | D        | Killed a meat berserker
   138 | D        | Killed a bag of meat
   138 | D        | Killed a tyrant
   139 | D        | Noticed a fleshlord
   139 | D        | Killed a wretched soul
   140 | D        | Killed a bag of meat
   140 | D        | Killed a fleshlord
   141 | D        | Killed a bag of meat
   142 | D        | Noticed a meat berserker
   142 | D        | Killed a tyrant
   143 | D        | Noticed a meat berserker
   143 | D        | Killed a large bag of meat
   144 | D        | Noticed a wretched soul
   144 | D        | Killed a bag of meat
   144 | D        | Killed a bag of meat
   144 | D        | Noticed an observer
   145 | D        | Noticed a meat berserker
   145 | D        | Killed a bag of meat
   146 | D        | Noticed a fleshlord
   146 | D        | Killed a meat berserker
   146 | D        | Killed a fleshlord
   147 | D        | Killed a meat berserker
   147 | D        | Killed a bag of meat
   148 | D        | Noticed a dread
   148 | D        | Killed a meat berserker
   148 | D        | Killed a bag of meat
   149 | D        | Noticed a meat berserker
   149 | D        | Killed an observer
   149 | D        | Killed a meat berserker
   150 | D        | Noticed a fleshlord
   150 | D        | Killed a wretched soul
   151 | D        | Noticed a bag of meat
   151 | D        | Noticed an observer
   152 | D        | Noticed a fleshlord
   153 | D        | Killed an observer
   153 | D        | Killed a fleshlord
   153 | D        | Killed a dread
   154 | D        | Noticed a meat berserker
   154 | D        | Killed a fleshlord
   154 | D        | Annihilated by a fleshlord

Vault maps used:
D:        meatsprint

Action                   |  1- 3 |  4- 6 |  7- 9 | 10-12 | 13-15 | 16-18 | 19-21 | 22-24 | 25-27 || total
-------------------------+-------+-------+-------+-------+-------+-------+-------+-------+-------++-------
Melee: Executioner's axe |     1 |       |       |       |     4 |     4 |     5 |     8 |    68 ||    90
